 Dungeon Crawl Stone Soup version 0.21.1-1-g345015fe64 (webtiles) character file.

3298 Khress the Poker (level 9, -5/87 HPs)
             Began as a Troll Fighter on Feb 20, 2018.
             Was an Elder of Trog.
             Slain by a hippogriff (12 damage)
             ... on level 8 of the Dungeon.
             The game lasted 00:29:45 (6518 turns).

Khress the Poker (Troll Fighter)                    Turns: 6518, Time: 00:29:47

Health: -5/87      AC:  7    Str: 28    XL:     9   Next: 70%
Magic:  8/8        EV: 10    Int:  4    God:    Trog [****..]
Gold:   255        SH: 10    Dex: 10    Spells: 8/8 levels left

rFire    + . .     SeeInvis .   q - +3 spear (venom)
rCold    x . .     Gourm    +   c - +0 shield
rNeg     . . .     Faith    .   b - +0 robe
rPois    .         Spirit   .   (helmet restricted)
rElec    .         Reflect  .   u - +1 cloak
rCorr    .         Harm     .   (gloves unavailable)
MR       .....                  (boots unavailable)
Stlth    +++.......             (no amulet)
HPRegen  0.64/turn              e - ring of stealth
MPRegen  0.11/turn              D - ring of fire

@: berserk cooldown, slowed, very slow
A: large, unfitting armour, claws 3, fast metabolism 3, gourmand, regeneration
1, shaggy fur 1, tough skin 2
a: Berserk, Trog's Hand, Brothers in Arms, Burn Spellbooks, Renounce Religion


You were on level 8 of the Dungeon.
You worshipped Trog.
Trog was greatly pleased with you.
You were very full.

You visited 1 branch of the dungeon, and saw 8 of its levels.
You also visited: Sewer.

You collected 378 gold pieces.
You spent 123 gold pieces at shops.

Inventory:

Hand Weapons
 a - a +0 long sword
 m - a +4 quarterstaff of chaos
 q - a +3 spear of venom (weapon)
 H - a +0 shortbow
 K - a +1 whip of electrocution
Missiles
 g - 275 stones
 o - 48 sling bullets
 p - 5 steel tomahawks (quivered)
 I - 119 arrows
 L - 6 poisoned javelins
Armour
 b - a +0 robe (worn)
 c - a +0 shield (worn)
 u - a +1 cloak (worn)
Jewellery
 e - a ring of stealth (left claw)
 v - an uncursed ring of positive energy {unknown}
 D - a ring of fire (right claw)
 N - an uncursed ring of fire
Wands
 s - a wand of clouds (2)
 E - a wand of flame (14)
Scrolls
 h - 5 scrolls of remove curse
 l - 10 scrolls of teleportation
 r - a scroll of blinking
 t - 2 scrolls of fog
 w - a scroll of immolation
 x - 2 scrolls of enchant armour {unknown}
 y - 5 scrolls of magic mapping
 z - a scroll of fear
 J - a scroll of amnesia
Potions
 d - 4 potions of might
 i - a potion of flight
 j - 7 potions of curing
 k - 3 potions of agility
 n - 4 potions of brilliance
 A - 3 potions of magic
 B - a potion of mutation
 C - a potion of invisibility
 M - 3 potions of degeneration
Books
 F - a book of Frost

   Spells                             Type                      Level
   a - Freeze                         Ice                          1
   b - Throw Frost                    Conjuration/Ice              2
   c - Ozocubu's Armour               Charms/Ice                   3
   d - Throw Icicle                   Conjuration/Ice              4
   e - Summon Ice Beast               Ice/Summoning                4
   Trog disapproves of the use of such an item.
Comestibles
 f - 8 rations
 G - 4 chunks of flesh


   Skills:
 + Level 4.9 Fighting
 + Level 2.0 Long Blades
 + Level 6.9 Polearms
 + Level 2.0 Throwing
 + Level 4.5 Dodging
 + Level 3.5 Stealth
 + Level 4.8 Shields
 + Level 0.5 Evocations


You had 8 spell levels left.
You didn't know any spells.

Dungeon Overview and Level Annotations

Branches:
Dungeon (8/15)             Temple (0/1) D:7
   Lair: D:8-11

Altars:
Elyvilon
Fedhas
Kikubaaqudgha
Ru
Sif Muna
Trog
Vehumet
The Shining One

Shops:
D:7 *


Innate Abilities, Weirdness & Mutations

You are too large for most types of armour.
You have claws for hands.
Your metabolism is lightning-fast.
You like to eat raw meat.
Your natural rate of healing is unusually fast.
You are covered in fur. (AC +1)
You have very tough skin. (AC +2)


Message History

* * * LOW HITPOINT WARNING * * *
You block the hound's attack.
The leopard gecko bites you but does no damage.
You block the hound's attack. You block the hound zombie's attack.
An iguana comes into view.
The hound closely misses you. The ice beast hits you.
* * * LOW HITPOINT WARNING * * *
The ice beast freezes you!
You feel a terrible chill!
* * * LOW HITPOINT WARNING * * *
The hippogriff completely misses you. The hippogriff closely misses you.
The hippogriff claws you.
* * * LOW HITPOINT WARNING * * *
The hound closely misses you. The hound bites you but does no damage.
You block the hippogriff's attack. The hippogriff pecks you.
* * * LOW HITPOINT WARNING * * *
You block the hippogriff's attack. The hound zombie barely misses you.
The hound bites you but does no damage. The yak barely misses you.
The hippogriff bites you!
You die...

.................. ...#.....#.##
.......(.........##....#.....#.##
..................#....#.........
.................##....#.....#.##
.........................%.......
....................#..........#.
.....†$†.......Y....#....##.#..#.
.........l.....hZY..#....##.#..#.
..........÷...lH@...#...........#
...............Y.####.....#.#....
......................##..#.#####
........................>........
..............).........#.#.##...
#.####(..........................
#. #..........................#
#........#.................#
.....#.......................


You could see a hippogriff, 2 yaks, an ice beast, an iguana (wandering), a
hound, a hound zombie and a leopard gecko.

Vanquished Creatures
  Pikel (D:6)
  2 yaks (D:8)
  The ghost of grerr the Grave Robber, an amateur DsNe of Sif Muna (D:4)
  A water moccasin (D:6)
  Purgy (Sewer)
  2 ice beasts
  A sky beast (D:8)
  6 phantoms
  A slave (D:6)
  2 ogres
  2 centaurs (D:5)
  A water moccasin zombie (D:5)
  4 scorpions
  A wyvern skeleton (D:7)
  3 howler monkeys (D:8)
  3 crimson imps
  A centaur zombie (D:5)
  2 jellies (D:8)
  Crazy Yiuf (D:3)
  5 orc wizards
  2 worker ants
  A howler monkey skeleton (D:4)
  12 adders
  3 oozes
  An adder zombie (D:8)
  2 adder skeletons
  3 worms
  3 dart slugs
  5 leopard geckos
  18 orcs
  2 bat zombies (D:3)
  7 giant cockroaches
  12 goblins
  7 hobgoblins
  3 jackals (D:2)
  6 kobolds
  2 quokkas
  2 ball pythons (Sewer)
  2 bats
  9 frilled lizards
  A quokka skeleton (D:3)
  12 rats
  2 rat zombies (D:3)
158 creatures vanquished.

Vanquished Creatures (others)
  An ice beast (D:6)
1 creature vanquished.

Grand Total: 159 creatures vanquished

Notes
Turn   | Place    | Note
-------+----------+-------------------------------------------
     0 | D:1      | Khress the Troll Fighter began the quest for the Orb.
     0 | D:1      | Reached XP level 1. HP: 22/22 MP: 0/0
    89 | D:1      | Reached XP level 2. HP: 29/29 MP: 1/1
   434 | D:1      | Reached XP level 3. HP: 26/36 MP: 2/2
   743 | D:2      | Found a faded altar of an unknown god.
   760 | D:2      | Became a worshipper of Trog the Wrathful
   760 | D:2      | Reached * piety under Trog
  1487 | D:3      | Reached ** piety under Trog
  1558 | D:3      | Found a runed door.
  1598 | D:3      | Reached XP level 4. HP: 44/44 MP: 3/3
  1714 | D:3      | Found an ancient bone altar of Kikubaaqudgha.
  2077 | D:3      | Reached skill level 1 in Polearms
  2441 | D:3      | Noticed Crazy Yiuf
  2446 | D:3      | Killed Crazy Yiuf
  2507 | D:4      | Reached XP level 5. HP: 52/52 MP: 4/4
  2512 | D:4      | Noticed grerr's ghost (amateur DsNe)
  2526 | D:4      | Killed grerr's ghost
  2526 | D:4      | Reached skill level 2 in Polearms
  2526 | D:4      | Reached skill level 1 in Stealth
  2579 | D:4      | Found a glowing drain.
  2581 | D:4      | Reached XP level 6. HP: 61/61 MP: 5/5
  2618 | Sewer    | Entered a sewer
  2699 | Sewer    | Noticed Purgy
  2719 | Sewer    | Killed Purgy
  2842 | D:4      | Reached skill level 3 in Polearms
  2859 | D:4      | Found a sacrificial altar of Ru.
  2936 | D:4      | Found a white marble altar of Elyvilon.
  2940 | D:4      | Reached XP level 7. HP: 56/67 MP: 6/6
  3279 | D:4      | Reached skill level 1 in Throwing
  3526 | D:5      | Entered Level 5 of the Dungeon
  3607 | D:5      | Reached *** piety under Trog
  3818 | D:5      | Reached skill level 4 in Polearms
  3829 | D:5      | Found a radiant altar of Vehumet.
  4065 | D:5      | Reached XP level 8. HP: 70/78 MP: 7/7
  4259 | D:5      | Reached skill level 5 in Polearms
  4760 | D:6      | Found a blossoming altar of Fedhas.
  4881 | D:6      | Noticed Pikel
  4898 | D:6      | Killed Pikel
  4898 | D:6      | Reached skill level 6 in Polearms
  4898 | D:6      | Reached XP level 9. HP: 64/84 MP: 8/8
  5454 | D:7      | Found Vako Oggodu's General Store.
  5458 | D:7      | Bought a scroll of identify for 26 gold pieces
  5458 | D:7      | Bought a scroll of magic mapping for 45 gold pieces
  5458 | D:7      | Bought a potion of agility for 52 gold pieces
  5622 | D:7      | Found a staircase to the Ecumenical Temple.
  5693 | D:7      | Found a glowing golden altar of the Shining One.
  6127 | D:7      | Found a deep blue altar of Sif Muna.
  6452 | D:8      | Reached **** piety under Trog
  6454 | D:8      | Received a gift from Trog
  6518 | D:8      | Slain by a hippogriff

Skill      XL: |  1  2  3  4  5  6  7  8  9 |
---------------+----------------------------+-----
Long Blades    | 2 |  2.0
Shields        | 3 4 |  4.8
Polearms       | 1 2 3 4 6 |  6.9
Fighting       | 3 4 |  4.9
Stealth        | 1 2 3 |  3.5
Dodging        | 3 4 |  4.5
Throwing       | 1 2 |  2.0
Evocations     | |  0.5

Action                   |  1- 3 |  4- 6 |  7- 9 || total
-------------------------+-------+-------+-------++-------
Melee: Long sword        |    62 |       |       ||    62
       Spear             |    43 |   114 |   341 ||   498
Throw: Tomahawk          |     6 |    14 |     7 ||    27
       Stone             |       |     1 |       ||     1
Invok: Berserk           |     2 |     4 |    10 ||    16
Evoke: Wand              |       |       |     4 ||     4
  Use: Scroll            |     8 |     2 |     8 ||    18
       Potion            |     1 |       |       ||     1
 Stab: Sleeping          |     9 |    10 |    14 ||    33
       Paralysed         |       |     1 |       ||     1
  Eat: Chunk             |    22 |    13 |    32 ||    67
       Ration            |       |       |     4 ||     4
Armor: Robe              |    26 |    45 |    78 ||   149
Dodge: Dodged            |    31 |    41 |    83 ||   155
Block: Shield            |    48 |    41 |   119 ||   208
